[Event "*** Titled Tuesday Blitz"]
[Site "Chess.com"]
[Date "2020.10.27"]
[Round "5"]
[White "Anton_Demchenko"]
[Black "ChessWarrior7197"]
[Result "1/2-1/2"]
[WhiteElo "2855"]
[BlackElo "2977"]
[TimeControl "180+1"]
[EndTime "10:58:54 PDT"]
[Termination "Game drawn by 50-move rule"]

1. d4 d5 2. Nf3 Nf6 3. Bf4 c5 4. e3 Nc6 5. Nbd2 Qb6 6. dxc5 Qxb2 7. Rb1 Qc3 8. Bb5 g6 9. O-O Bg7 10. Nb3 O-O 11. Bxc6 bxc6 12. Be5 Qc4 13. Qd4 Qxd4 14. exd4 a5 15. a4 Bf5 16. Rb2 Ne4 17. Bxg7 Kxg7 18. Ne5 Rfc8 19. g4 f6 20. Nxc6 Rxc6 21. gxf5 gxf5 22.
f3 Nc3 23. Re1 Kf7 24. Nc1 Nxa4 25. Rb7 Re6 26. Rxe6 Kxe6 27. Nd3 Nc3 28. Nf4+ Kf7 29. Rb3 a4 30. Rxc3 a3 31. Rxa3 Rxa3 32. Nxd5 e6 33.
Nb6 Rxf3 34. c4 Ke7 35. d5 exd5 36. cxd5 Rc3 37. d6+ Kd8 38. Nd5 Rxc5 39. Nxf6 h6 40. Ng8 h5 41. Nf6 h4 42. Kg2 Rc3 43. Nd5 Rd3 44. Ne7 f4 45. Ng6 h3+ 46. Kf2 Rd2+ 47. Kf3 Rxh2 48. Nxf4 Rh1 49. Kg3 h2 50. Nh3 Kd7 51. Kg2 Ra1 52. Kxh2 Kxd6 53. Kg3 Ke5 54. Ng5 Kf5 55. Nf3 Ra3 56. Kf2 Kf4 57. Ne1 Ra2+ 58. Kf1 Ke3 59. Ng2+ Kf3 60. Ne1+ Kg3 61. Nd3 Rd2 62.
Ne1 Rb2 63. Nd3 Ra2 64. Ke1 Kf3 65. Kd1 Ke3 66. Nc1 Rb2 67. Ke1 Rd2 68. Nb3 Rd3 69. Nc1 Rd8 70. Nb3 Kd3 71. Nc1+ Ke3 72. Nb3 Rh8 73.
Kd1 Kd3 74. Nc1+ Kc3 75. Ne2+ Kd3 76. Nc1+ Ke3 77. Kc2 Rc8+ 78. Kb2 Kd2 79. Nb3+ Kd3 80. Nc1+ Kc4 81. Kc2 Rd8 82. Ne2 Rd3 83. Nc1 Rh3 84. Kd2 Rh2+ 85. Ne2 Rg2 86. Ke3 Rg8 87. Kf3 Kd3 88.
Nf4+ Kd4 89. Ne6+ Ke5 90. Nc5 Rd8 91. Ke3 Ra8 92. Nd3+ Kf5 93. Kd4 Ra3 94. Kc4 Ke4 95. Nc5+ Ke3 96. Kd5 Rc3 97. Ne6 Rc1 98. Ke5 Rh1 99. Kd5 Rh4 100. Kd6 Ke4 101. Nc5+ Kd4 102. Ne6+ Kc4 1/2-1/2

[Event "*** Titled Tuesday Blitz"]
[Site "Chess.com"]
[Date "2020.10.27"]
[Round "5"]
[White "OK97"]
[Black "Sanan_Sjugirov"]
[Result "1-0"]
[WhiteElo "2801"]
[BlackElo "2922"]
[TimeControl "180+1"]
[EndTime "10:59:15 PDT"]
[Termination "OK97 won by resignation"]

1. e4 c5 2. Nf3 Nc6 3. Bb5 d6 4. O-O Bd7 5. Re1 Nf6 6. c3 a6 7.
Bf1 Bg4 8. h3 Bxf3 9. Qxf3 e6 10. d3 Be7 11. Nd2 O-O 12. Qd1 d5 13. e5 Nd7 14. Nf3 b5 15. a4 b4 16. c4 dxc4 17. dxc4 Qc7 18. Bf4 Rfd8 19. Bd3 Nf8 20. Qe2 Ng6 21.
Bg3 Nd4 22. Nxd4 Rxd4 23. b3 Rad8 24. Rad1 Bg5 25. Bc2 Rd2 26. Rxd2 Rxd2 27. Qe4 Qd8 28. Kh2 a5 29. Re2 Rd4 30. Qc6 Be7 31. Be4 Nf8 32. Qb5 Qc7 33. Bc6 h5 34. f3 Rd8 35.
Qa6 h4 36. Bf2 Ng6 37. Qb7 Qxb7 38. Bxb7 Nf4 39. Re4 g5 40. Bxh4 gxh4 41. Rxf4 Rd3 42. Rg4+ Kf8 43. Be4 Rxb3 44. Bh7 Ke8 45. Rg8+ Kd7 46.
Rb8 Bd8 47. Rb7+ Bc7 48. Be4 Kc8 49. f4 Re3 50. Bc6 Rc3 51. Rb5 Rxc4 52. Bb7+ Kd8 53. Bf3 Rc3 54. Kg1 b3 55. Kf2 c4 56. Ke2 Rc2+ 57.
Kd1 Ra2 58. Rc5 Rxa4 59. Kc1 Ra1+ 60. Kb2 Ra2+ 61. Kb1 Rc2 62. Bc6 c3 63. Ba4 Rb2+ 64.
Kc1 Rxg2 65. Rxc3 b2+ 66. Kb1 Rf2 67. Rd3+ Kc8 68. Rd4 Bb6 69. Rc4+ Kb7 70. Bc2 Be3 71. f5 exf5 72. Kxb2 f4 73. Kb3 Rh2 74. Be4+ Kb8 75.
Rc6 Rxh3 76. Kc4 f3 77. Rf6 f2 78. Rxf7 Rg3 79. e6 Rg4 80. Kd3 Rf4 81. Rxf4 Bxf4 82. Ke2 Bd6 83. Kxf2 Be7 84. Bd5 Kc7 85. Kg2 Kd6 86. Ba2 Kc5 87. Kh2 Kd4 88. Kh3 Kc3 89. Kh2 Kb2 90. Bd5 Kc2 91. Kh3 Kd3 92. Kh2 Kd4 93.
Ba2 a4 94. Kh3 Ke4 95. Kh2 Kf3 96. Kh3 Kf4 97. Bd5 Ke5 98. Ba2 Kd4 99. Kh2 Kc3 100. Kh3 Kb2 101. Bd5 a3 102. Kh2 Kc3 103. Kh3 Kd4 104. Ba2 Ke5 105. Kh2 Kf4 106. Kh3 Ke3 107. Bb3 Kd2 108. Ba2 Kc2 109. Bd5 Kb2 110. Kh2 Kc3 111. Kh3 Bd6 112. e7 Kb2 113. e8=Q a2 114. Qb5+ Ka1 115. Qf1+ 1-0

[Event "*** Titled Tuesday Blitz"]
[Site "Chess.com"]
[Date "2020.10.27"]
[Round "5"]
[White "Legendinunknown"]
[Black "Guenplen"]
[Result "1/2-1/2"]
[WhiteElo "2657"]
[BlackElo "2837"]
[TimeControl "180+1"]
[EndTime "10:59:31 PDT"]
[Termination "Game drawn by agreement"]

1. d4 d5 2. c4 e6 3. Nc3 a6 4.
Nf3 Nf6 5. cxd5 exd5 6. Bg5 Be6 7.
e3 Nbd7 8. Bd3 h6 9. Bh4 g5 10. Bg3 Nh5 11. Qc2 Nxg3 12. hxg3 Bg7 13. O-O-O c6 14.
e4 dxe4 15. Bxe4 Nf6 16. Bf5 Bxf5 17. Qxf5 O-O 18. d5 cxd5 19. Nxd5 Qc8+ 20. Qxc8 Raxc8+ 21. Kb1 Nxd5 22. Rxd5 Rfe8 23. Rhd1 Rc6 24. Rd8 Rxd8 25. Rxd8+ Kh7 26. Rd7 Rb6 27. b3 Kg6 28. Kc2 Rc6+ 29. Kd2 b5 30. g4 Bc3+ 31. Kd3 Bf6 32. Kd2 Bc3+ 33. Kd1 f6 34. Nd4 Bxd4 35. Rxd4 f5 36. gxf5+ Kxf5 37. Kd2 h5 38. Rd5+ Kg6 39. a4 bxa4 40.
bxa4 h4 41. Ke3 Rc3+ 42. Ke2 Rc6 43. f3 Rc2+ 44. Kf1 Ra2 45. Ra5 Ra1+ 46. Kf2 Ra2+ 47.
Kg1 Kf6 48. Rxa6+ Kf5 49. Kh2 g4 50. fxg4+ Kxg4 51. Ra8 Kg5 52. a5 Ra3 53. a6 Kg6 54. Kg1 Ra2 55. Kf1 Kg7 56. Ra7+ Kg6 57. Ra8 Kg7 58. a7 Ra1+ 59. Kf2 Ra2+ 60. Kf3 Ra4 61. Ke3 Ra3+ 62. Kf4 Ra4+ 63. Kg5 Ra5+ 64. Kxh4 Ra4+ 65. Kg3 Ra3+ 66. Kf4 Ra2 67. Ke3 Ra3+ 68. Kd4 Ra2 69. Kc3 Ra3+ 70. Kb4 Ra1 71. Kb3 Ra6 72. Kc4 Ra1 73.
Kd5 Ra5+ 74. Ke6 Ra2 75. Kf5 Ra5+ 76. Kg4 Ra4+ 77. Kh3 Ra3+ 78. Kh4 Ra4+ 79. g4 Ra5 80. g5 Ra4+ 81. Kh5 Ra1 82. Kg4 Ra4+ 83. Kf5 Ra5+ 84. Ke6 Ra6+ 85. Kd5 Ra2 86. Kc6 Rc2+ 87. Kb5 Rb2+ 88.
Kc4 Ra2 89. Kc3 Ra3+ 90. Kb2 Ra6 91. Kc2 Ra2+ 92. Kd3 Ra6 93. Ke4 Ra4+ 94. Kf5 Ra5+ 95. Kg4 Ra4+ 96. Kh5 Ra1 97. g6 Ra5+ 98. Kh4 Ra4+ 99.
Kh3 Ra3+ 100. Kg2 Ra2+ 101. Kf3 Ra3+ 102. Ke4 Ra4+ 103. Kd5 Ra1 104. Kc6 Rc1+ 105. Kb5 Rb1+ 106. Kc4 Ra1 107. Kd4 Ra4+ 108. Ke3 Ra3+ 109. Kd2 Ra1 110. Kc2 Ra2+ 111. Kb1 Ra6 112. Kb2 Ra5 113. Kb3 Ra1 114. Kc4 Ra2 115. Kd5 Ra1 116. Kc6 Rc1+ 1/2-1/2

[Event "*** Titled Tuesday Blitz"]
[Site "Chess.com"]
[Date "2020.10.27"]
[Round "6"]
[White "Jumbo"]
[Black "SergeyKarjakin"]
[Result "1/2-1/2"]
[WhiteElo "2868"]
[BlackElo "3012"]
[TimeControl "180+1"]
[EndTime "11:00:53 PDT"]
[Termination "Game drawn by repetition"]

1. d4 Nf6 2. c4 e6 3. Nf3 d5 4. g3 Bb4+ 5. Bd2 Be7 6. Bg2 O-O 7. O-O Nbd7 8. Qc2 c6 9. Rd1 b6 10. Bf4 Ba6 11. b3 Rc8 12. Nc3 Nh5 13. Bc1 Nhf6 14. Bf4 Nh5 15. Bc1 Nhf6 16. Bf4 1/2-1/2

[Event "*** Titled Tuesday Blitz"]
[Site "Chess.com"]
[Date "2020.10.27"]
[Round "6"]
[White "blitzking1729"]
[Black "Artem_0degov"]
[Result "1-0"]
[WhiteElo "2568"]
[BlackElo "2401"]
[TimeControl "180+1"]
[EndTime "11:01:57 PDT"]
[Termination "blitzking1729 won by resignation"]

1. d4 Nf6 2. Bg5 g6 3. Bxf6 exf6 4. e3 Bg7 5. g3 O-O 6. Bg2 c5 7. dxc5 Qa5+ 8. Nc3 Qxc5 9. Nge2 Nc6 10. O-O f5 11. Qd2 b6 12. Rfd1 Ne5 13. Bxa8 Nc4 14. Qd5 Qc7 15.
Nb5 1-0

[Event "*** Titled Tuesday Blitz"]
[Site "Chess.com"]
[Date "2020.10.27"]
[Round "6"]
[White "Training_Day"]
[Black "Euge_chess"]
[Result "1-0"]
[WhiteElo "2401"]
[BlackElo "2089"]
[TimeControl "180+1"]
[EndTime "11:02:29 PDT"]
[Termination "Training_Day won by resignation"]

1. e4 e5 2. f4 exf4 3. Nf3 d5 4. exd5 Nf6 5. Nc3 Nxd5 6. Nxd5 Qxd5 7. d4 Nc6 8. Bxf4 Bg4 9. c3 O-O-O 10. Be2 Qe4 11.
Qd2 Bxf3 12. gxf3 Re8 13. fxe4 1-0

[Event "*** Titled Tuesday Blitz"]
[Site "Chess.com"]
[Date "2020.10.27"]
[Round "6"]
[White "anon481216"]
[Black "lacafi"]
[Result "1-0"]
[WhiteElo "2408"]
[BlackElo "2114"]
[TimeControl "180+1"]
[EndTime "11:02:30 PDT"]
[Termination "anon481216 won by resignation"]

1. d4 f5 2. e4 fxe4 3. Nc3 Nf6 4. Bg5 d5 5. Bxf6 exf6 6. Qh5+ g6 7. Qxd5 Qxd5 8.
Nxd5 Kd8 9. Nxf6 Bf5 10. g4 Bg7 11. gxf5 Bxf6 12. fxg6 hxg6 13. Bg2 Re8 14. O-O-O Nc6 15. Ne2 Re7 16. h4 Ke8 17. h5 gxh5 18. Rxh5 Rd8 19. c3 Na5 20. Rxa5 1-0

[Event "*** Titled Tuesday Blitz"]
[Site "Chess.com"]
[Date "2020.10.27"]
[Round "6"]
[White "dosto07"]
[Black "Roza_Idrisova"]
[Result "1-0"]
[WhiteElo "2337"]
[BlackElo "2209"]
[TimeControl "180+1"]
[EndTime "11:02:32 PDT"]
[Termination "dosto07 won by resignation"]

1. e4 c6 2. d4 d5 3. Nc3 a6 4. Nf3 Bg4 5. h3 Bh5 6. Bd3 e6 7.
O-O Nf6 8. Bg5 h6 9. Bh4 Qb6 10. exd5 cxd5 11. g4 Bg6 12. Bxg6 fxg6 13. Qd3 Kf7 14.
Ne5+ Kg8 15. Qxg6 Qc7 16. Bxf6 Bd6 17. Rae1 Nc6 18. Nxc6 bxc6 19. Rxe6 Rf8 20. Rxd6 1-0

[Event "*** Titled Tuesday Blitz"]
[Site "Chess.com"]
[Date "2020.10.27"]
[Round "6"]
[White "Gabrielian_Artur"]
[Black "PowerThinking2650"]
[Result "1-0"]
[WhiteElo "2776"]
[BlackElo "2389"]
[TimeControl "180+1"]
[EndTime "11:02:35 PDT"]
[Termination "Gabrielian_Artur won by resignation"]

1. d4 Nf6 2. c4 g6 3. Nc3 Bg7 4. e4 d6 5. Nf3 O-O 6. Be2 e5 7.
O-O Nc6 8. d5 Ne7 9. Ne1 Nd7 10.
Be3 f5 11. f3 f4 12. Bf2 g5 13. Rc1 Ng6 14. c5 Nxc5 15. b4 Na6 16. a3 Rf7 17.
Nb5 b6 18. Qc2 h5 19. Qc6 Bd7 20. Qb7 Bc8 21. Qxa8 1-0

[Event "*** Titled Tuesday Blitz"]
[Site "Chess.com"]
[Date "2020.10.27"]
[Round "6"]
[White "JozefKneht"]
[Black "TengisChess"]
[Result "0-1"]
[WhiteElo "2407"]
[BlackElo "2606"]
[TimeControl "180+1"]
[EndTime "11:02:38 PDT"]
[Termination "TengisChess won by resignation"]

1. Nf3 Nf6 2. d4 d5 3. Bf4 e6 4. e3 Bd6 5. Ne5 O-O 6. Nd2 c5 7. c3 Qc7 8. Bd3 Nbd7 9. Nxd7 Bxd7 10. Bxd6 Qxd6 11. Nf3 c4 12. Bc2 b5 13. a3 a5 14.
Qd2 b4 15. axb4 axb4 16. Rxa8 Rxa8 17. cxb4 Ra1+ 18. Bd1 Ne4 19. Qe2 Qxb4+ 20. Nd2 c3 0-1

[Event "*** Titled Tuesday Blitz"]
[Site "Chess.com"]
[Date "2020.10.27"]
[Round "6"]
[White "Rodalquilar"]
[Black "tlomigtlis"]
[Result "1-0"]
[WhiteElo "2754"]
[BlackElo "2590"]
[TimeControl "180+1"]
[EndTime "11:02:53 PDT"]
[Termination "Rodalquilar won by resignation"]

1. d4 d5 2. Bf4 c5 3. e3 Nc6 4. Nf3 Nf6 5. Nbd2 Bf5 6. dxc5 e6 7. Nd4 Bg6 8. Bb5 Rc8 9. b4 Nd7 10. Nxc6 bxc6 11. Ba6 Rb8 12. Bxb8 Qxb8 13. a3 Be7 14. Bd3 Ne5 15. Bxg6 hxg6 16. h3 Bh4 17. Nf3 Bf6 18.
Nxe5 Qxe5 19. Rb1 Qc3+ 20. Qd2 Qxa3 21. O-O O-O 22. Qd3 Qa4 23. c3 Rb8 24. Rfc1 Qa3 25. Ra1 Qb2 26. Qc2 Qxc2 27. Rxc2 Rxb4 28. cxb4 Bxa1 29. b5 1-0

[Event "*** Titled Tuesday Blitz"]
[Site "Chess.com"]
[Date "2020.10.27"]
[Round "6"]
[White "northridgehawk"]
[Black "CM_rui"]
[Result "1-0"]
[WhiteElo "2259"]
[BlackElo "2356"]
[TimeControl "180+1"]
[EndTime "11:03:02 PDT"]
[Termination "northridgehawk won by resignation"]

1. e4 e5 2. Nf3 Nc6 3. Bb5 a6 4. Ba4 Nf6 5. d3 b5 6. Bb3 Be7 7. Nc3 O-O 8. O-O d6 9. Nd5 Na5 10. Nxe7+ Qxe7 11. Bg5 Nxb3 12. axb3 h6 13. Bh4 g5 14.
Nxg5 hxg5 15. Bxg5 Kg7 16. f4 Qe6 17. fxe5 Nh7 18. Bf6+ Nxf6 19. exf6+ Kg6 20. Rf5 Qxf5 21. exf5+ Bxf5 22. Qf3 Rg8 23. Rf1 Be6 24. Qf4 Rh8 25. Rf3 Kh7 26. Rg3 1-0

[Event "*** Titled Tuesday Blitz"]
[Site "Chess.com"]
[Date "2020.10.27"]
[Round "6"]
[White "jacky72"]
[Black "GalperinPlaton"]
[Result "0-1"]
[WhiteElo "2520"]
[BlackElo "2831"]
[TimeControl "180+1"]
[EndTime "11:03:18 PDT"]
[Termination "GalperinPlaton won by resignation"]

1. d4 b6 2. Nf3 Bb7 3. g3 h5 4.
Bg2 Nf6 5. h3 e6 6. c4 Bb4+ 7.
Nc3 Bxc3+ 8. bxc3 Qc8 9. O-O d6 10. Bg5 Nbd7 11. d5 exd5 12. cxd5 Bxd5 13. Re1 Be4 14. Qd4 Qb7 15. a4 a5 16. Nh4 Bxg2 17. Nxg2 O-O-O 18. Nf4 Rde8 19. Qc4 Ne5 20. Qb5 Ne4 21.
h4 Nxg5 22. hxg5 h4 23. Nd5 hxg3 24. fxg3 c6 25. Nxb6+ Kc7 26. Nd5+ cxd5 27. Qxa5+ Qb6+ 28. Qxb6+ Kxb6 29. Reb1+ Ka6 30. Rb5 Nc4 31. Rxd5 Rxe2 32. Rd4 Ne3 33. Rxd6+ Ka5 34. Rd2 Rxd2 0-1

[Event "*** Titled Tuesday Blitz"]
[Site "Chess.com"]
[Date "2020.10.27"]
[Round "6"]
[White "MarceloPlaya"]
[Black "Skatchkov_V"]
[Result "0-1"]
[WhiteElo "2279"]
[BlackElo "2472"]
[TimeControl "180+1"]
[EndTime "11:03:26 PDT"]
[Termination "Skatchkov_V won by resignation"]

1. e4 e5 2. Nf3 d5 3. exd5 e4 4. Nd4 Qxd5 5. Nb3 Qe5 6. Nc3 Nf6 7. Be2 Bd6 8. d4 exd3 9. Qxd3 O-O 10. Be3 Bf5 11.
Qd2 Nc6 12. O-O-O Rad8 13. Qe1 Nb4 14. Nd4 Bg6 15. a3 Nc6 16. Nf3 Qe7 17. h4 Bxa3 18. bxa3 Qxa3+ 19. Kb1 Nb4 20. Rc1 Ne4 0-1

[Event "*** Titled Tuesday Blitz"]
[Site "Chess.com"]
[Date "2020.10.27"]
[Round "6"]
[White "Smile2005"]
[Black "MIJuanReyesRosa"]
[Result "1-0"]
[WhiteElo "2293"]
[BlackElo "2077"]
[TimeControl "180+1"]
[EndTime "11:03:29 PDT"]
[Termination "Smile2005 won by resignation"]

1. d4 g6 2. c4 Bg7 3. Nc3 c5 4.
d5 Bxc3+ 5. bxc3 Qa5 6. Qd3 Nf6 7. f3 O-O 8. e4 d6 9. Bg5 Nbd7 10. Be2 Ne5 11.
Qd2 b5 12. cxb5 a6 13. c4 Qxd2+ 14. Kxd2 axb5 15. cxb5 Bd7 16. Nh3 Bxb5 17. Bxb5 Rfb8 18. a4 c4 19. Bxf6 exf6 20. Kc3 Nd3 21. Bxc4 Nb2 22. Bb5 Nxa4+ 23. Bxa4 1-0

[Event "*** Titled Tuesday Blitz"]
[Site "Chess.com"]
[Date "2020.10.27"]
[Round "6"]
[White "Kotofeyca"]
[Black "Borsuk_Konstantin"]
[Result "0-1"]
[WhiteElo "2350"]
[BlackElo "2562"]
[TimeControl "180+1"]
[EndTime "11:03:33 PDT"]
[Termination "Borsuk_Konstantin won by resignation"]

1. d4 Nf6 2. c4 e6 3. Nf3 Bb4+ 4. Nbd2 b6 5. a3 Bxd2+ 6. Bxd2 Bb7 7. Bg5 h6 8. Bh4 a5 9. b4 d6 10. e3 Nc6 11. b5 Ne7 12. Bxf6 gxf6 13. g3 h5 14. Bg2 Ng6 15. h4 Ke7 16. O-O Qg8 17. Kh2 f5 18. c5 Rd8 19. cxb6 cxb6 20. Rc1 Rd7 21. Rc3 Qa8 22. Ne1 Bd5 23. Qc2 Rg8 24. Bxd5 Qxd5 25. Ng2 Qxb5 26. Rb1 Qa6 27. Rc6 Rb8 28.
Qe2 Qxe2 0-1

[Event "*** Titled Tuesday Blitz"]
[Site "Chess.com"]
[Date "2020.10.27"]
[Round "6"]
[White "MustafayevFarid2004"]
[Black "Colombiano07"]
[Result "1-0"]
[WhiteElo "2473"]
[BlackElo "2287"]
[TimeControl "180+1"]
[EndTime "11:03:39 PDT"]
[Termination "MustafayevFarid2004 won by resignation"]

1. d4 d5 2. c4 c6 3. Nf3 Nf6 4.
g3 Bf5 5. Bg2 e6 6. O-O h6 7.
Nc3 Nbd7 8. Qb3 Qb6 9. c5 Qxb3 10. axb3 a6 11. b4 Rc8 12. Bf4 Be7 13. h3 Bd8 14. g4 Bh7 15. Nd2 Bc7 16. e3 g5 17.
Bxc7 Rxc7 18. f4 O-O 19. Nf3 Bd3 20. Rfd1 Bc4 21. fxg5 hxg5 22. Nxg5 Ra8 23. Ra3 Re8 24. b3 Bb5 25. Nxb5 axb5 26. Rf1 Kg7 27. Nf3 e5 28. Nh4 exd4 29. Nf5+ Kg6 30. exd4 Re2 31. Ra8 Re8 32. Rfa1 Nf8 33. Rxe8 Nxe8 34. Ra8 1-0

[Event "*** Titled Tuesday Blitz"]
[Site "Chess.com"]
[Date "2020.10.27"]
[Round "6"]
[White "djano"]
[Black "barbara25"]
[Result "1-0"]
[WhiteElo "2464"]
[BlackElo "2265"]
[TimeControl "180+1"]
[EndTime "11:03:39 PDT"]
[Termination "djano won by resignation"]

1. d4 Nf6 2. Nf3 e6 3. Bf4 d5 4.
e3 Bd6 5. Bg3 O-O 6. Nbd2 b6 7.
Bd3 Ba6 8. c4 c5 9. dxc5 bxc5 10.
Qe2 Nc6 11. cxd5 Bxd3 12. Qxd3 Nb4 13. Qb1 exd5 14. a3 Nc6 15. O-O Bxg3 16. hxg3 d4 17. e4 Re8 18. Re1 Rc8 19. Nc4 Ng4 20. e5 Qd5 21. Nd6 Ngxe5 22. Nxe8 Rxe8 23. Nxe5 Ne7 1-0

[Event "*** Titled Tuesday Blitz"]
[Site "Chess.com"]
[Date "2020.10.27"]
[Round "6"]
[White "Unknown_IM"]
[Black "MarkoPe"]
[Result "1-0"]
[WhiteElo "2335"]
[BlackElo "2184"]
[TimeControl "180+1"]
[EndTime "11:03:40 PDT"]
[Termination "Unknown_IM won by resignation"]

1. e4 c6 2. d4 d5 3. exd5 cxd5 4. Bd3 Nc6 5. c3 Nf6 6. Bf4 Bg4 7. Qb3 Qd7 8. Nd2 e6 9. Ngf3 Bxf3 10. Nxf3 Bd6 11. Bxd6 Qxd6 12. O-O O-O 13. Rae1 Rab8 14. Ne5 a6 15.
Qa4 Ne7 16. Re3 b5 17. Qd1 b4 18. Rg3 bxc3 19. bxc3 Ng6 20. Bxg6 hxg6 21. Rh3 Rfc8 22. Rh8+ Kxh8 23. Nxf7+ 1-0

[Event "*** Titled Tuesday Blitz"]
[Site "Chess.com"]
[Date "2020.10.27"]
[Round "6"]
[White "Karateloru"]
[Black "capatl"]
[Result "1-0"]
[WhiteElo "2666"]
[BlackElo "2486"]
[TimeControl "180+1"]
[EndTime "11:03:43 PDT"]
[Termination "Karateloru won by resignation"]

1. e4 c5 2. Nf3 e6 3. b4 b6 4. Bb2 Bb7 5. bxc5 bxc5 6. Nc3 d6 7. Rb1 Nd7 8. Ba1 Rb8 9. Bb5 Ne7 10. O-O Bc6 11. d4 Rc8 12. d5 Bxb5 13. Nxb5 Nb6 14. dxe6 fxe6 15. Nxd6+ 1-0

[Event "*** Titled Tuesday Blitz"]
[Site "Chess.com"]
[Date "2020.10.27"]
[Round "6"]
[White "ASVZ"]
[Black "Shota_Azaladze"]
[Result "1-0"]
[WhiteElo "2468"]
[BlackElo "2631"]
[TimeControl "180+1"]
[EndTime "11:03:43 PDT"]
[Termination "ASVZ won by resignation"]

1. e4 c6 2. d4 d5 3. e5 c5 4. dxc5 Nc6 5. Nf3 Bg4 6. Bb5 e6 7. Be3 Ne7 8. c3 Nf5 9. Qa4 Nxe3 10. fxe3 Bxf3 11. Bxc6+ bxc6 12. Qxc6+ Ke7 13. Qd6+ Ke8 14. Qc6+ Ke7 15. gxf3 Rb8 16. b4 f6 17. f4 Kf7 18.
Nd2 a5 19. a3 axb4 20. axb4 Be7 21. Ra7 Ra8 22. Rxa8 Qxa8 23. Qxa8 Rxa8 24. Ke2 Ra3 25. Rc1 fxe5 26. fxe5 Kg6 27. Nf3 Kf5 28. Kd3 g5 29. Nd4+ Kxe5 30. Nc6+ Kf6 31. Rf1+ 1-0

[Event "*** Titled Tuesday Blitz"]
[Site "Chess.com"]
[Date "2020.10.27"]
[Round "6"]
[White "PLAYER_2006_M"]
[Black "RobertoJBM"]
[Result "0-1"]
[WhiteElo "2515"]
[BlackElo "2796"]
[TimeControl "180+1"]
[EndTime "11:03:44 PDT"]
[Termination "RobertoJBM won by resignation"]

1. d4 d5 2. Nc3 Nf6 3. Bf4 a6 4. e3 e6 5. g4 c5 6. g5 Nfd7 7. Bg2 Nc6 8. Nf3 b5 9. Ne2 Bb7 10. O-O Nb6 11. c3 Bd6 12. h4 h6 13. gxh6 gxh6 14.
Bxd6 Qxd6 15. Ng3 O-O-O 16. dxc5 Qxc5 17. Nd4 Kb8 18. a4 Nxa4 19. Rxa4 bxa4 20. Qxa4 Nxd4 21.
exd4 Qb5 22. Qa3 Rhg8 23. Ra1 Rd7 24. Bf1 Qb6 25. b4 f5 26. Qc1 Qd6 27. Kh2 f4 28. Ne2 Rg4 0-1

[Event "*** Titled Tuesday Blitz"]
[Site "Chess.com"]
[Date "2020.10.27"]
[Round "6"]
[White "reniite"]
[Black "LuisFSiles"]
[Result "0-1"]
[WhiteElo "1936"]
[BlackElo "2292"]
[TimeControl "180+1"]
[EndTime "11:03:46 PDT"]
[Termination "LuisFSiles won by resignation"]

1. e4 e5 2. Nf3 Nc6 3. Nc3 g6 4. d4 exd4 5. Nxd4 Bg7 6. Nxc6 bxc6 7. Bd3 Ne7 8. O-O O-O 9. Bg5 d6 10. Qf3 Rb8 11. Rab1 f6 12. Be3 c5 13. Nd5 Nc6 14.
c4 f5 15. exf5 Ne5 16. Qe2 Nxd3 17. Qxd3 Bxf5 18. Qa3 Bxb1 19. Rxb1 c6 20. Nf4 Qd7 21. b3 Rbe8 22. h3 Bd4 23. Re1 Rxf4 0-1

[Event "*** Titled Tuesday Blitz"]
[Site "Chess.com"]
[Date "2020.10.27"]
[Round "6"]
[White "Juanovic"]
[Black "MasterKroket"]
[Result "0-1"]
[WhiteElo "2096"]
[BlackElo "2404"]
[TimeControl "180+1"]
[EndTime "11:03:52 PDT"]
[Termination "MasterKroket won by resignation"]

1. e4 c5 2. Nf3 e6 3. Nc3 Nc6 4. g3 g6 5. Bg2 Bg7 6. O-O Nge7 7. d3 O-O 8. Re1 d6 9. Bg5 h6 10. Be3 Rb8 11. a4 Nd4 12. Qc1 Kh7 13. Ne2 Nxf3+ 14.
Bxf3 Nc6 15. c3 b6 16. Qd2 Ba6 17. Red1 Re8 18. d4 Na5 19. Nc1 Nc4 20. Qe1 Nxb2 21. Rd2 Nc4 22. Rda2 Nxe3 23. Qxe3 cxd4 24. cxd4 Rc8 25.
Ne2 Qg5 26. Qxg5 hxg5 27. Rd2 Rc4 28. a5 b5 29. Raa2 b4 30. Rab2 Rb8 31. Kg2 Rb5 32.
e5 dxe5 33. dxe5 Bxe5 34. Rb3 Rxa5 0-1

[Event "*** Titled Tuesday Blitz"]
[Site "Chess.com"]
[Date "2020.10.27"]
[Round "6"]
[White "wannabe2700"]
[Black "GelmanAlexander"]
[Result "1-0"]
[WhiteElo "2746"]
[BlackElo "2576"]
[TimeControl "180+1"]
[EndTime "11:03:56 PDT"]
[Termination "wannabe2700 won by resignation"]

1. d4 Nf6 2. Bf4 c5 3. e3 d6 4. Nd2 Nbd7 5. Ngf3 b6 6. Bd3 Bb7 7. c3 h6 8. e4 g5 9. Bg3 Nh5 10. e5 dxe5 11. Bxe5 Nxe5 12. Nxe5 Nf4 13. Be4 Qc7 14. Qa4+ Kd8 15. Nxf7+ Kc8 16. Qe8+ 1-0

[Event "*** Titled Tuesday Blitz"]
[Site "Chess.com"]
[Date "2020.10.27"]
[Round "6"]
[White "ural58"]
[Black "Chamal_Gedgafov"]
[Result "1-0"]
[WhiteElo "2327"]
[BlackElo "2154"]
[TimeControl "180+1"]
[EndTime "11:04:04 PDT"]
[Termination "ural58 won by resignation"]

1. e4 e6 2. Qe2 c5 3. b3 Nc6 4. Bb2 d6 5. f4 Nf6 6. Nc3 Qc7 7. O-O-O a6 8. g4 Be7 9. g5 Nd7 10. Nf3 b5 11. d4 cxd4 12. Nxd4 Nxd4 13. Rxd4 Bb7 14.
Bg2 h6 15. g6 fxg6 16. Qg4 Nf8 17. Rhd1 Rc8 18. Kb1 Bf6 19. e5 Bxg2 20. exf6 Bc6 21.
fxg7 Qxg7 22. Rxd6 Rh7 23. Nd5 Bxd5 24. Bxg7 Rxg7 25.
R6xd5 Rgc7 26. R5d2 1-0

[Event "*** Titled Tuesday Blitz"]
[Site "Chess.com"]
[Date "2020.10.27"]
[Round "6"]
[White "Shivagami"]
[Black "FMJoseHerrera"]
[Result "0-1"]
[WhiteElo "2275"]
[BlackElo "2559"]
[TimeControl "180+1"]
[EndTime "11:04:10 PDT"]
[Termination "FMJoseHerrera won by resignation"]

1. d4 Nf6 2. c4 c5 3. d5 b5 4.
Qc2 g6 5. e4 Bg7 6. cxb5 O-O 7.
Nc3 e6 8. dxe6 fxe6 9. Be3 Qe7 10. Nf3 d5 11. exd5 exd5 12. O-O-O d4 13. Nxd4 cxd4 14.
Bxd4 Bf5 15. Bc4+ Kh8 16. Qb3 Ng4 17. f4 Bxd4 18. Rxd4 Qe3+ 19. Rd2 Nd7 20. h3 Nf2 21. Rf1 Nc5 22. Qa3 Ncd3+ 23. Bxd3 Nxd3+ 24. Kd1 Rad8 25. Rf3 Qg1+ 0-1

[Event "*** Titled Tuesday Blitz"]
[Site "Chess.com"]
[Date "2020.10.27"]
[Round "6"]
[White "gilbert_gm"]
[Black "Bodnar_Mykola"]
[Result "1-0"]
[WhiteElo "2578"]
[BlackElo "2369"]
[TimeControl "180+1"]
[EndTime "11:04:10 PDT"]
[Termination "gilbert_gm won by resignation"]

1. c4 e6 2. Nc3 d5 3. d4 Nf6 4. Bg5 Bb4 5. e3 O-O 6. Nf3 c5 7. cxd5 exd5 8. Bd3 Nbd7 9. O-O h6 10. Bh4 cxd4 11.
Nxd5 Bd6 12. Nxd4 b6 13. Nf5 Bb8 14. Qf3 Nc5 15. Nxf6+ gxf6 16. Qg4+ 1-0

[Event "*** Titled Tuesday Blitz"]
[Site "Chess.com"]
[Date "2020.10.27"]
[Round "6"]
[White "Tenamu"]
[Black "zurzan"]
[Result "0-1"]
[WhiteElo "2389"]
[BlackElo "2058"]
[TimeControl "180+1"]
[EndTime "11:04:25 PDT"]
[Termination "zurzan won by resignation"]

1. d4 d6 2. Nc3 g6 3. e4 Bg7 4. f4 Nf6 5. Bd3 O-O 6. Nf3 Nc6 7. d5 Nb4 8. Bc4 a6 9. a3 b5 10. axb4 bxc4 11. O-O e6 12. Be3 Bb7 13. dxe6 fxe6 14. Ng5 Qe7 15. e5 Nd5 16. Nxd5 exd5 17. exd6 Qxe3+ 18. Kh1 cxd6 19. Re1 Qd4 20. Qg4 Qxf4 21. Qxf4 Rxf4 22.
Re7 Raf8 23. g3 R4f5 24. Ne6 R5f7 0-1

[Event "*** Titled Tuesday Blitz"]
[Site "Chess.com"]
[Date "2020.10.27"]
[Round "6"]
[White "DonBroca"]
[Black "ailime26"]
[Result "1-0"]
[WhiteElo "2142"]
[BlackElo "1883"]
[TimeControl "180+1"]
[EndTime "11:04:29 PDT"]
[Termination "DonBroca won by resignation"]

1. e4 c5 2. d4 Nc6 3. d5 Nd4 4. c3 Nc6 5. dxc6 bxc6 6. Nf3 d5 7. exd5 cxd5 8. Bb5+ Bd7 9. Qa4 Nf6 10. Ne5 a6 11. Bxd7+ Nxd7 12. Qxd7+ Qxd7 13. Nxd7 Kxd7 14. O-O g6 15. Be3 Kc6 16. Nd2 Bg7 17. Nb3 c4 18. Nd4+ Kd6 19. f4 f6 20. b4 e5 21. fxe5+ fxe5 22.
Nf3 Rhf8 23. Bc5+ Ke6 24. Bxf8 Rxf8 25. Ng5+ Kd6 26. Rxf8 Bxf8 27. Nxh7 Bh6 28. Nf6 Bd2 29. Rd1 Be3+ 30. Kf1 d4 31. Ng4 1-0